 Dungeon Crawl Stone Soup version 0.20.1-1-g8b1a95d (webtiles) character file.

14356 JohnnyMnemonic the Covert (level 12, 0/76 HPs)
             Began as a Vine Stalker Enchanter on Aug 6, 2017.
             Was a Priest of Ashenzari.
             Succumbed to a spiny frog's poison
             ... on level 3 of the Lair of Beasts.
             The game lasted 00:33:56 (14000 turns).

JohnnyMnemonic the Covert (Vine Stalker Enchanter) Turns: 14000, Time: 00:33:56

Health: 0/76       AC: 26    Str: 11    XL:     12   Next: 15%
Magic:  11/23      EV:  2    Int: 19    God:    Ashenzari [***...]
Gold:   720        SH:  0    Dex: 16    Spells: 13/25 levels left

rFire    . . .     SeeInvis +   p - +2 dagger (flame)
rCold    . . .     Gourm    .   (no shield)
rNeg     + + +     Faith    .   (armour currently unavailable)
rPois    +         Spirit   +   (helmet currently unavailable)
rElec    .         Reflect  .   (cloak currently unavailable)
rCorr    .         Harm     .   (gloves currently unavailable)
MR       +....     NoTele   +   (boots currently unavailable)
Stlth    +++++.....             (no amulet)
Regen    1.1/turn               M - ring of wizardry
MPRegen  0.2/turn               z - +4 ring of evasion (curse)

@: lethally poisoned (0 -> -1), tree-form (expiring)
A: regeneration 2, magic shield, no potion heal 3, rot immunity
a: Curse Item, Scrying, Renounce Religion


You were on level 3 of the Lair of Beasts.
You worshipped Ashenzari.
Ashenzari was most pleased with you.
You were not hungry.
You were a tree.
You visited 2 branches of the dungeon, and saw 13 of its levels.

You collected 720 gold pieces.

Inventory:

Hand Weapons
 p - a +2 dagger of flaming (weapon)
 F - the +2 morningstar of Voxecurodd {freeze, rF+++ Int+5}
   (You took it off a centaur on level 9 of the Dungeon)

   It has been specially enchanted to freeze those struck by it, causing extra
   injury to most foes and up to half again as much damage against particularly
   susceptible opponents.
   It can also slow down cold-blooded creatures.
   It affects your intelligence (+5).
   It renders you almost immune to fire.
 H - a +2 scimitar of flaming
Armour
 b - a +0 robe (melded)
 f - a cursed +0 pair of gloves (melded)
 B - a +0 helmet (melded)
Magical Staves
 D - an uncursed staff of cold
 K - an uncursed staff of fire
Jewellery
 y - an uncursed ring of ice
 z - a cursed +4 ring of evasion (right branch)
 C - a +5 ring of evasion
 E - an uncursed ring of poison resistance
 M - a ring of wizardry (left branch)
 O - an uncursed ring of protection from magic
 P - an uncursed ring of resist corrosion
Wands
 j - a wand of flame (26/48)
 m - a wand of disintegration (4/24)
 G - a wand of disintegration (11/24)
 Q - a wand of scattershot (3/9)
Scrolls
 e - a scroll of fog
 k - 4 scrolls of teleportation
 q - 6 scrolls of blinking
 w - 3 scrolls of amnesia
 A - a scroll of immolation
 J - a scroll of identify
 L - 2 scrolls of fear
Potions
 h - 2 potions of flight
 i - 2 potions of cancellation
 l - a potion of mutation
 n - a potion of agility {unknown}
 r - 3 potions of curing
 u - a potion of might {unknown}
 v - 2 potions of lignification
 x - a potion of haste
Books
 c - a book of Maledictions

   Spells                             Type                      Level
   a - Corona                         Hexes                        1
   b - Ensorcelled Hibernation        Hexes/Ice                    2
   c - Confuse                        Hexes                        3
   d - Tukima's Dance                 Hexes                        3
   e - Dazzling Spray                 Conjuration/Hexes            3
 g - a book of Frost

   Spells                             Type                      Level
   a - Freeze                         Ice                          1
   b - Throw Frost                    Conjuration/Ice              2
   c - Ozocubu's Armour               Charms/Ice                   3
   d - Throw Icicle                   Conjuration/Ice              4
   e - Summon Ice Beast               Ice/Summoning                4
 N - a book of Minor Magic

   Spells                             Type                      Level
   a - Magic Dart                     Conjuration                  1
   b - Blink                          Translocation                2
   c - Call Imp                       Summoning                    2
   d - Slow                           Hexes                        2
   e - Conjure Flame                  Conjuration/Fire             3
   f - Mephitic Cloud                 Conjuration/Poison/Air       3
Comestibles
 a - 6 royal jellies
 d - 13 bread rations
 o - 13 fruits
 s - 4 meat rations
 I - 3 chunks of flesh


   Skills:
 - Level 10.0 Short Blades
 - Level 5.7 Dodging
 - Level 11.0 Stealth
 + Level 7.2 Spellcasting
 - Level 4.0 Conjurations
 - Level 9.0 Hexes
 - Level 4.0 Ice Magic


You had 13 spell levels left.
You knew the following spells:

 Your Spells              Type           Power        Failure   Level  Hunger
a - Corona                Hex            #####..      1%          1    None
b - Ensorcelled Hibernat  Hex/Ice        ####..       1%          2    None
c - Confuse               Hex            #####...     1%          3    #......
d - Tukima's Dance        Hex            #####...     1%          3    #......
e - Dazzling Spray        Conj/Hex       ####..       1%          3    #......


Dungeon Overview and Level Annotations

Branches:
Dungeon (10/15)            Temple (0/1) D:6            Lair (3/6) D:8
 Shoals (0/4) Lair:3
  Snake: Lair:2-4    Spider: Lair:2-4       Orc: D:9-12

Altars:
Ashenzari
Dithmenos
Makhleb
Sif Muna
Vehumet
Xom
Yredelemnul
Zin
The Shining One

Shops:
D:4 (   D:7 %   D:9 [

Annotations:
Lair:1 Fannar


Innate Abilities, Weirdness & Mutations

((You have razor-sharp teeth.))
You heal very quickly.
When hurt, damage is shared between your health and your magic reserves.
((Your bite disrupts and absorbs the magic of your enemies.))
Potions cannot restore your health.
You are immune to rotting.


Message History

The wolf is moderately wounded.
* * * LOW HITPOINT WARNING * * *
You feel sick. The wolf bites you but does no damage.
You miss the spiny frog.
The spiny frog is moderately wounded.
The wolf bites you but does no damage. The spiny frog completely misses you.
You hit the spiny frog but do no damage.
The spiny frog is moderately wounded.
* * * LOW HITPOINT WARNING * * *
You feel sick. The wolf bites you but does no damage.
You hit the spiny frog but do no damage.
The spiny frog is moderately wounded.
The spiny frog stings you.
* * * LOW HITPOINT WARNING * * *
The wolf bites you but does no damage.
You closely miss the spiny frog.
The spiny frog is moderately wounded.
You feel less invigorated.
You feel less confused.
You die...

, ..##....#.....#
, * , *
,*#...........#*,
, *#...........##
* ,,
####......P..# ,,
* * ,
#.........##,, *
,* ##..##.#...#*,
, #..#.....P# ,,,
, , *#..###FY.##
, *
.####♣#........,
, .# ##h........,
* , .# *
##........ , ,
.......Y., , ,
*......... , *,
P........ , ,
##....#... ,,,* *
, ,.## * *


You could see a yak, a spiny frog and a wolf.

Vanquished Creatures
  Erica (Lair:1)
  3 two-headed ogres
  A tengu warrior (D:9)
  3 spiny frogs
  2 komodo dragons
  A polar bear (Lair:1)
  The ghost of braveplatypus the Thaumaturge, a novice SpEn (D:5)
  3 hippogriffs
  A wyvern (D:9)
  10 yaks
  A basilisk (Lair:3)
  4 hogs (D:8)
  A human (D:8)
  2 hungry ghosts (D:9)
  7 water moccasins
  4 porcupines
  A black bear (Lair:1)
  3 orc warriors (D:9)
  4 ice beasts
  4 sky beasts
  6 ogres
  2 phantoms
  A hornet zombie (D:7)
  A necrophage (D:8)
  2 wolves (Lair:3)
  3 centaurs
  4 crocodiles
  10 bullfrogs
  The ghost of Foxy the Vexing, an amateur FeEn of Dithmenos (D:4)
  A scorpion (D:6)
  A killer bee (D:9)
  3 wights (D:9)
  An electric eel (Lair:1)
  2 centaur zombies (D:9)
  6 howler monkeys
  5 crimson imps
  4 jellies
  2 bullfrog zombies
  2 orc priests
  6 hounds
  7 orc wizards
  A bullfrog skeleton (D:9)
  2 iguanas
  10 worker ants
  A hound skeleton (D:7)
  A howler monkey zombie (D:5)
  4 gnolls (D:5)
  A howler monkey skeleton (D:7)
  6 adders
  2 shadow imps
  An adder zombie (D:8)
  2 adder skeletons (D:5)
  3 worms (D:3)
  A dart slug (D:1)
  5 leopard geckos
  23 orcs
  2 bats
  4 giant cockroaches
  7 hobgoblins
  17 jackals
  5 quokkas
  3 ball pythons
  7 frilled lizards
  7 goblins
  3 kobolds
  A quokka zombie (D:5)
  A rat (D:1)
247 creatures vanquished.

Vanquished Creatures (others)
  A crimson imp (D:9)
  2 fungi (Lair:3)
3 creatures vanquished.

Grand Total: 250 creatures vanquished

Notes
Turn   | Place    | Note
-------+----------+-------------------------------------------
     0 | D:1      | JohnnyMnemonic the Vine Stalker Enchanter began the quest for the Orb.
     0 | D:1      | Reached XP level 1. HP: 9/9 MP: 4/4
   187 | D:1      | Reached XP level 2. HP: 13/13 MP: 6/6
   766 | D:2      | Learned a level 2 spell: Ensorcelled Hibernation
  1191 | D:2      | Found a shattered altar of Ashenzari.
  1196 | D:2      | Became a worshipper of Ashenzari the Shackled
  1276 | D:2      | Reached XP level 3. HP: 16/16 MP: 7/7
  1889 | D:2      | Reached skill level 1 in Ice Magic
  2670 | D:3      | Gained mutation: Your natural rate of healing is unusually fast. [Vine Stalker growth]
  2670 | D:3      | Reached XP level 4. HP: 21/21 MP: 4/8
  2913 | D:4      | Noticed Foxy's ghost (amateur FeEn)
  2928 | D:3      | Learned a level 3 spell: Confuse
  3423 | D:4      | Reached XP level 5. HP: 24/24 MP: 5/11
  3846 | D:4      | Found Kuihygos's Weapon Emporium.
  4230 | D:4      | Killed Foxy's ghost
  4276 | D:4      | Reached skill level 5 in Spellcasting
  4276 | D:4      | Reached XP level 6. HP: 28/28 MP: 14/14
  4362 | D:5      | Entered Level 5 of the Dungeon
  4588 | D:5      | Reached skill level 5 in Hexes
  4901 | D:4      | Noticed a phantom
  4943 | D:4      | Killed a phantom
  4943 | D:4      | Reached XP level 7. HP: 32/32 MP: 10/15
  5016 | D:5      | Reached * piety under Ashenzari
  5058 | D:5      | Found a deep blue altar of Sif Muna.
  5094 | D:5      | Reached skill level 4 in Stealth
  5218 | D:5      | Noticed braveplatypus's ghost (novice SpEn)
  5229 | D:5      | Killed braveplatypus's ghost
  5229 | D:5      | Reached skill level 6 in Stealth
  5649 | D:5      | Learned a level 3 spell: Tukima's Dance
  5702 | D:6      | Found a staircase to the Ecumenical Temple.
  5707 | D:6      | Got the cursed ring mail "Marhuun" {+Fly rElec rN+++ MP-9}
  5789 | D:6      | Reached skill level 7 in Stealth
  5789 | D:6      | Gained mutation: You have razor-sharp teeth. [Vine Stalker growth]
  5789 | D:6      | Reached XP level 8. HP: 28/36 MP: 6/16
  5884 | D:6      | Reached skill level 8 in Stealth
  5984 | D:6      | Found a glowing golden altar of the Shining One.
  6298 | D:6      | Found a basalt altar of Yredelemnul.
  6493 | D:7      | Reached skill level 9 in Stealth
  6577 | D:7      | Reached skill level 10 in Stealth
  6773 | D:7      | Found Vesawun's Food Shoppe.
  6880 | D:7      | Reached skill level 11 in Stealth
  6896 | D:7      | Reached XP level 9. HP: 32/39 MP: 14/17
  7155 | D:8      | Noticed a two-headed ogre
  7161 | D:8      | Killed a two-headed ogre
  7161 | D:8      | Reached skill level 5 in Short Blades
  7165 | D:8      | Found a radiant altar of Vehumet.
  7222 | D:8      | Reached ** piety under Ashenzari
  7575 | D:8      | Found a staircase to the Lair.
  7804 | D:8      | Learned a level 3 spell: Dazzling Spray
  8234 | D:8      | Reached XP level 10. HP: 44/44 MP: 8/18
  8450 | D:8      | Found a shadowy altar of Dithmenos.
  8747 | D:9      | Found a shimmering altar of Xom.
  8909 | D:9      | Noticed a two-headed ogre
  8924 | D:9      | Killed a two-headed ogre
  9232 | D:9      | Found Hiozob's Antique Armour Boutique.
  9256 | D:9      | Reached skill level 10 in Short Blades
  9412 | D:9      | Noticed a two-headed ogre
  9418 | D:9      | Killed a two-headed ogre
  9812 | D:9      | Reached XP level 11. HP: 47/47 MP: 16/19
  9926 | D:9      | Noticed a tengu warrior
  9928 | D:9      | Killed a tengu warrior
  9928 | D:9      | Reached skill level 5 in Dodging
 10064 | D:9      | Noticed a two-headed ogre
 10543 | D:9      | Found a radiant altar of Vehumet.
 10771 | D:9      | Got the morningstar of Voxecurodd {freeze, rF+++ Int+5}
 11058 | D:9      | Found a burning altar of Makhleb.
 11060 | D:9      | Found a glowing golden altar of the Shining One.
 11060 | D:9      | Found a glowing silver altar of Zin.
 11108 | D:10     | Entered Level 10 of the Dungeon
 11144 | D:10     | Noticed a two-headed ogre
 11484 | Lair:1   | Entered Level 1 of the Lair of Beasts
 11506 | Lair:1   | Noticed Erica
 11511 | Lair:1   | Killed Erica
 11617 | Lair:1   | Got the halberd of the Last Beds {chop, *Rage +Blink MR+++ Dex+3}
 12093 | Lair:1   | Noticed Fannar
 12379 | Lair:1   | Reached *** piety under Ashenzari
 12842 | Lair:2   | Reached skill level 1 in Conjurations
 13686 | Lair:3   | Noticed a death yak
 13687 | Lair:3   | Noticed a death yak
 13687 | Lair:3   | Noticed a death yak
 13729 | Lair:3   | Gained mutation: You heal very quickly. [Vine Stalker growth]
 13729 | Lair:3   | Reached XP level 12. HP: 51/51 MP: 21/21
 13991 | Lair:3   | HP: 1/76 [spiny frog (9)]
 13996 | Lair:3   | HP: 1/76 [poisoned by a spiny frog]
 14000 | Lair:3   | Succumbed to a spiny frog's poison

Skill      XL: |  1  2  3  4  5  6  7  8  9 10 11 12 |
---------------+-------------------------------------+-----
Hexes          | 4 6 9 |  9.0
Ice Magic      | 2 4 |  4.0
Spellcasting   | 3 5 7 |  7.2
Stealth        | 7 11 | 11.0
Short Blades   | 2 7 10 | 10.0
Dodging        | 4 5 |  5.7
Conjurations   | 4 |  4.0

Action                   |  1- 3 |  4- 6 |  7- 9 | 10-12 || total
-------------------------+-------+-------+-------+-------++-------
Melee: Dagger            |   108 |   138 |   279 |   464 ||   989
       Bite              |    15 |    29 |    71 |   110 ||   225
 Cast: Ensorcelled Hiber |     2 |    16 |    28 |   102 ||   148
       Corona            |     1 |       |       |       ||     1
       Confuse           |       |     4 |     6 |     7 ||    17
       Tukima's Dance    |       |       |       |     3 ||     3
Invok: Curse Item        |     1 |     1 |       |       ||     2
  Use: Scroll            |       |       |    15 |     8 ||    23
       Potion            |       |       |       |     3 ||     3
 Stab: Sleeping          |     9 |    11 |    25 |    64 ||   109
       Confused          |       |     2 |     2 |     4 ||     8
       Distracted        |       |     1 |     2 |     3 ||     6
  Eat: Chunk             |     5 |     3 |    11 |    17 ||    36
       Meat ration       |       |     1 |       |     1 ||     2
Armor: Robe              |    12 |    11 |    38 |    27 ||    88
       Skin              |       |       |       |    61 ||    61
Dodge: Dodged            |    59 |   108 |   193 |   326 ||   686
